 Dungeon Crawl Stone Soup version 0.28-a0-43-g560ac104fe (webtiles) character file.

Game seed: 16862034743457884888

1148 Demosthentine the Poker (level 8, -9/62 HPs)
             Began as a Merfolk Gladiator on July 29, 2021.
             Was a Priest of Zin.
             Mangled by a hornet (12 damage)
             ... on level 6 of the Dungeon.
             The game lasted 00:05:42 (5795 turns).

Demosthentine the Poker (Merfolk Gladiator)         Turns: 5795, Time: 00:05:43

Health: -9/62      AC:  7    Str: 22    XL:     8   Next: 38%
Magic:  0/8        EV: 16    Int:  7    God:    Zin [***...]
Gold:   51         SH:  0    Dex: 19    Spells: 7/7 levels left

rFire   . . .      SeeInvis +   a - +1 trident
rCold   . . .      Faith    .   (no shield)
rNeg    + + .      Spirit   +   s - +1 leather armour of Sophism {rN+ rCorr MP-9}
rPois   .          Reflect  .   c - +0 helmet
rElec   +          Harm     .   r - +0 cloak
rCorr   +          Rampage  .   n - +0 pair of gloves
Will    .....                   (no boots)
Stlth   ++........              b - amulet "Geijo" {Spirit rN+ SInv Stlth+}
HPRegen 0.20/turn               f - ring of Accord {rElec MP+9 Str+6 Dex+3}
MPRegen 0.11/turn               (no ring)

@: lethally poisoned (-9 -> -21), about to teleport, attractive, slowed, very
slow
A: (nimble swimmer 2), mertail
a: Renounce Religion, Recite, Vitalisation, Imprison, Donate Gold


You were on level 6 of the Dungeon.
You worshipped Zin.
Zin was most pleased with you.
You visited 1 branch of the dungeon, and saw 6 of its levels.

You collected 252 gold pieces.
You spent 176 gold pieces at shops.
You donated 25 gold pieces to Zin.

Inventory:

Hand Weapons
 a - a +1 trident (weapon)
Missiles
 d - 3 throwing nets (quivered)
Armour
 c - a +0 helmet (worn)
 m - a +2 buckler
 n - a +0 pair of gloves (worn)
 r - a +0 cloak (worn)
 s - the +1 leather armour of Sophism (worn) {rN+ rCorr MP-9}
   (You bought it in a shop on level 4 of the Dungeon)

   rN:        It protects you from negative energy.
   MP:        It affects your magic capacity (-9).
   rCorr:     It protects you from acid and corrosion.
Jewellery
 b - the amulet "Geijo" (around neck) {Spirit rN+ SInv Stlth+}
   (You bought it in a shop on level 4 of the Dungeon)

   [amulet of guardian spirit]

   It causes incoming damage to be divided between your reserves of health and
   magic.
   rN:        It protects you from negative energy.
   SInv:      It lets you see invisible.
   Stlth:     It makes you more stealthy.
 f - the ring of Accord (left hand) {rElec MP+9 Str+6 Dex+3}
   (You acquired it on level 1 of the Dungeon)

   [ring of magical power]

   Str:       It affects your strength (+6).
   Dex:       It affects your dexterity (+3).
   rElec:     It insulates you from electricity.
   MP:        It affects your magic capacity (+9).
Scrolls
 i - a scroll of fog
 j - a scroll of teleportation
 l - a scroll of amnesia
 o - a scroll of magic mapping {unknown}
Potions
 e - a potion of haste
 g - a potion of attraction
 h - a potion of ambrosia
 k - a potion of curing {unknown}
 p - a potion of flight
 q - 3 potions of mutation


   Skills:
 + Level 5.2 Fighting
 + Level 7.7 Polearms
 - Level 2.0 Throwing
 + Level 3.1 Armour
 + Level 7.1 Dodging
 + Level 3.5 Shields


You had 7 spell levels left.
You didn't know any spells.
Your spell library contained the following spells:

 Spells                   Type           Power      Damage    Failure   Level
 Corona                   Hex            0%         N/A       47%         1
 Cause Fear               Hex            0%         N/A       99%         4
 Dragon Form              Tmut           0%         N/A       100%        7
 Dragon's Call            Summ           0%         N/A       100%        9


Dungeon Overview and Level Annotations

Branches:
Dungeon (6/15)
 Temple: D:4-7

Altars:
Hepliaklqana
Kikubaaqudgha
Ru
Zin

Shops:
D:3 (   D:4 [*


Innate Abilities, Weirdness & Mutations

((You are quick and stealthy near water. (Stealth+, EV+, Speed+++)))
Your lower body shifts to a powerful aquatic tail in water.


Message History

You feel as though you will be slow longer.
You feel sick. The hornet stings you!
You feel as though you will be slow longer.
The hornet stings you.
You feel as though you will be slow longer.
You can move again.
You hit the hornet but do no damage.
The hornet is lightly wounded.
You feel sick. The hornet barely misses you. The hornet misses you.
Unknown command.
It was a potion of attraction.
You feel attractive to monsters.
You feel sick.
The hornet stings you but does no damage.
The hornet barely misses you.
Unknown command.
You closely miss the hornet.
The hornet is lightly wounded.
You feel sick. The hornet stings you.
You are more poisoned.
You feel as though you will be slow longer.
The hornet stings you.
* * * LOW HITPOINT WARNING * * *
You are lethally poisoned!
You feel as though you will be slow longer.
It was a potion of mutation.
You feel extremely strange.
Zin protects your body from mutation! x3
Zin forgives your inadvertent chaotic act, just this once.
* * * LOW HITPOINT WARNING * * *
You feel extremely sick. The hornet barely misses you.
The hornet completely misses you.
An ogre comes into view. It is wielding a +0 giant club.
The ogre is pulled toward you!
Okay, then.
As you read the scroll of teleportation, it crumbles to dust.
You feel strangely unstable.
* * * LOW HITPOINT WARNING * * *
You feel very sick. The hornet stings you!
You die...

. .. ##.# ##. . ..
##... .... .##. ..
##...# .....
....##..#....# .....
..<.... .....##.....
....... #..........
....O..###..†.......
#..y@.#..........
####.............
......
##........)...
......# .
##...........
......#
...##.#..##......
.....###
..........#..#..#
.......#
#..##...#...##..
#.......
#.#####.###.....
#...###...
#.#............


You could see a hornet and an ogre.

Vanquished Creatures
  An ice beast (D:5)
  A hornet zombie (D:5)
  The ghost of DocClef the Covert, an amateur GnDe of Okawaru (D:5)
  An ogre (D:6)
  A necrophage (D:4)
  A centaur (D:6)
  2 scorpions
  A water moccasin zombie (D:5)
  A howler monkey (D:6)
  A bullfrog zombie (D:5)
  2 centaur skeletons
  3 hounds
  2 iguanas (D:5)
  A scorpion zombie (D:5)
  A killer bee zombie (D:5)
  7 adders
  An ufetubus (D:5)
  2 adder skeletons (D:4)
  A worm (D:4)
  4 dart slugs
  3 endoplasms
  7 hobgoblins
  10 jackals (D:3)
  4 kobolds
  2 quokkas
  A ball python (D:2)
  4 goblins
  6 rats
72 creatures vanquished.

Notes
Turn   | Place    | Note
-------+----------+-------------------------------------------
     0 | D:1      | Demosthentine the Merfolk Gladiator began the quest for the
                  | Orb.
     0 | D:1      | Reached XP level 1. HP: 16/16 MP: 1/1
   208 | D:1      | Reached XP level 2. HP: 17/23 MP: 2/2
  1088 | D:1      | Identified a scroll of acquirement
  1088 | D:1      | Acquired the ring of Accord {rElec MP+9 Str+6 Dex+3}
  1129 | D:2      | Reached XP level 3. HP: 16/28 MP: 3/3
  1549 | D:2      | Reached skill level 5 in Polearms
  1549 | D:2      | Reached skill level 1 in Armour
  1844 | D:2      | Reached XP level 4. HP: 34/34 MP: 4/4
  1962 | D:3      | Found a faded altar of an unknown god.
  1970 | D:3      | Got Plato's Papyrus of Beguiling
  2229 | D:3      | Found a hazy altar of Hepliaklqana.
  2536 | D:3      | Found Goveullu's Weapon Boutique.
  2563 | D:3      | Reached skill level 5 in Dodging
  2804 | D:3      | Found a glowing silver altar of Zin.
  2804 | D:3      | Noticed an angel
  3008 | D:3      | Became a worshipper of Zin the Law-Giver
  3033 | D:4      | Reached * piety under Zin
  3079 | D:4      | Reached XP level 5. HP: 40/41 MP: 5/5
  3181 | D:4      | Noticed a necrophage
  3192 | D:4      | Killed a necrophage
  3193 | D:4      | Reached skill level 1 in Shields
  3417 | D:4      | Reached XP level 6. HP: 47/47 MP: 6/6
  3634 | D:4      | Found Mommukao's Armour Shoppe.
  3640 | D:4      | Reached ** piety under Zin
  3644 | D:4      | Bought the +1 leather armour of Sophism {rN+ rCorr MP-9}
                  | for 70 gold pieces
  3706 | D:4      | Found Lacamm's Assorted Antiques.
  3711 | D:4      | Bought a lumpy grey potion for 16 gold pieces
  3789 | D:5      | Entered Level 5 of the Dungeon
  3828 | D:5      | Found a runed translucent gate.
  3829 | D:5      | Found a runed translucent gate.
  3829 | D:5      | Found a runed translucent gate.
  3832 | D:5      | Noticed DocClef's ghost (amateur GnDe)
  4037 | D:5      | Reached XP level 7. HP: 38/54 MP: 3/7
  4322 | D:5      | Found an ancient bone altar of Kikubaaqudgha.
  4755 | D:5      | Found a sacrificial altar of Ru.
  5135 | D:5      | Killed DocClef's ghost
  5155 | D:5      | Reached XP level 8. HP: 17/61 MP: 1/8
  5488 | D:4      | Bought a slimy iron amulet for 90 gold pieces
  5488 | D:4      | Identified the amulet "Geijo" {Spirit rN+ SInv Stlth+} (You
                  | bought it in a shop on level 4 of the Dungeon)
  5548 | D:6      | Reached skill level 5 in Fighting
  5626 | D:6      | Reached *** piety under Zin
  5781 | D:6      | Noticed a hornet
  5788 | D:6      | Paralysed by a hornet for 3 turns
  5795 | D:6      | HP: 3/62 [poisoned by a hornet]
  5795 | D:6      | Mangled by a hornet

Illustrated notes

Levels and vault maps discovered:
D:1:      minmay_arrival_four_houses, layout_basic
D:2:      layout_basic, hex_intersection
D:3:      layout_loops_ring, zin_angel, nicolae_overflow_hidden_temple,
          serial_shops, shop, shapermc_ecumenical_altar_rom_forum
D:4:      layout_cave_pools, serial_shops,
          nicolae_shop_temple_entry_statues_fountains, kennysheep_little_box
D:5:      layout_basic, nicolae_ru_the_path_less_chosen,
          kiku_gazebo_garden_becter, gammafunk_ghost_necromancy
D:6:      cheibrodos_steamvent, layout_cave_pools, lemuel_coloured_pillars_altar

Skill      XL: |  1  2  3  4  5  6  7  8 |
---------------+-------------------------+-----
Polearms       | 5 6 7 |  7.7
Armour         | 1 2 3 |  3.1
Fighting       | 3 4 5 |  5.2
Dodging        | 5 6 7 |  7.1
Shields        | 1 2 3 |  3.5
Throwing       | |  2.0

Action                   |  1- 3 |  4- 6 |  7- 9 || total
-------------------------+-------+-------+-------++-------
Melee: Trident           |    87 |   136 |   131 ||   354
Throw: Throwing net      |       |       |     2 ||     2
  Use: Scroll            |     3 |     6 |     1 ||    10
       Potion            |       |       |     4 ||     4
 Stab: Sleeping          |     1 |     2 |     3 ||     6
       Held in net/web   |       |       |     1 ||     1
Armor: Leather armour    |    10 |    26 |    25 ||    61
Dodge: Dodged            |    45 |    98 |    83 ||   226

Table legend: (Time is in decaauts)
 A = Elapsed time spent in this place.
 B = Non-inter-level travel time spent in this place.
 C = Inter-level travel time spent in this place.
 D = Time resting spent in this place.
 E = Time spent auto-exploring this place.
 F = Levels seen in this place.
 G = Mean time per level.
                   A        B        C        D        E       F      G
               +--------+--------+--------+--------+--------+-----+--------+
         Total |   5774 |   5489 |    285 |      0 |   4739 |   6 |  962.3 |
       Dungeon |   5774 |   5489 |    285 |      0 |   4739 |   6 |  962.3 |
               +--------+--------+--------+--------+--------+-----+--------+

Top non-repeatable levels by time:
     D:5: 1658 daAuts
     D:3: 1132 daAuts
     D:1: 1120 daAuts
     D:2: 810 daAuts
     D:4: 792 daAuts
     D:6: 260 daAuts
